 Dungeon Crawl Stone Soup version 0.23-a0-673-g3803c42f16 (webtiles) character file.

195984 Flugkiller the Protected (level 18, 0/116 HPs)
             Began as a Tengu Gladiator on Jan 9, 2019.
             Was the Champion of Okawaru.
             Killed from afar by Nikola (29 damage)
             ... with a chain lightning
             ... on level 1 of the Swamp.
             The game lasted 00:52:45 (28033 turns).

Flugkiller the Protected (Tengu Gladiator)         Turns: 28033, Time: 00:52:46

Health: 0/116      AC: 33    Str: 25    XL:     18   Next: 80%
Magic:  18/25      EV: 21    Int: 10    God:    Okawaru [******]
Gold:   1599       SH: 24    Dex: 16    Spells: 17/17 levels left

rFire    + . .     SeeInvis +   u - +5 demon trident (vamp)
rCold    + . .     Gourm    +   m - +2 large shield
rNeg     . . .     Faith    .   A - +1 crystal plate armour
rPois    .         Spirit   .   K - +2 hat
rElec    .         Reflect  .   Z - scarf {rC+ rF+}
rCorr    .         Harm     .   T - +2 pair of gloves
MR       ++...                  (boots unavailable)
Stlth    ..........             s - amulet of the gourmand
HPRegen  0.29/turn              w - +3 ring of evasion
MPRegen  0.19/turn              W - ring of Eternity {MR+ Str+4 Slay+5 SInv Stlth-}

@: heroism, finesse, flying quickly and evasively, quick
A: beak, talons 3, mutation resistance 1, able to fly 2
a: Stop Flying, Heroism, Finesse, Renounce Religion


You were on level 1 of the Swamp.
You worshipped Okawaru.
Okawaru was exalted by your worship.
You were completely stuffed.

You visited 4 branches of the dungeon, and saw 24 of its levels.
You also visited: Gauntlet.

You collected 1932 gold pieces.
You spent 333 gold pieces at shops.

Inventory:

Hand Weapons
 u - a +5 vampiric demon trident (weapon)
   (You acquired it on level 14 of the Dungeon)
 S - the +7 demon trident of Somewhere Else {protect, *Noise rN+ Str+4}
   (Okawaru gifted it to you on level 3 of the Lair of Beasts)

   It protects the one who uses it against injury (+AC on strike).
   It affects your strength (+4).
   It protects you from negative energy.
   It may make noises in combat.
Missiles
 d - 4 throwing nets
 z - 24 javelins (quivered)
Armour
 m - a +2 large shield (worn)
   (You found it on level 13 of the Dungeon)
 A - a +1 crystal plate armour (worn)
   (You found it on level 12 of the Dungeon)
 K - a +2 hat (worn)
   (You took it off Gastronok on level 8 of the Dungeon)
 T - a +2 pair of gloves (worn)
   (You found it on level 2 of the Lair of Beasts)
 Z - a scarf of resistance (worn)
   (Okawaru gifted it to you on level 6 of the Lair of Beasts)
Jewellery
 c - a +3 ring of protection
   (You found it on level 8 of the Dungeon)
 s - an amulet of the gourmand (around neck)
   (You took it off a hobgoblin on level 2 of the Dungeon)
 v - an uncursed ring of protection from cold
   (You found it on level 5 of the Dungeon)
 w - a +3 ring of evasion (left hand)
   (You took it off a wight on level 12 of the Dungeon)
 W - the ring of Eternity (right hand) {MR+ Str+4 Slay+5 SInv Stlth-}
   (You found it in a Gauntlet)

   [ring of see invisible]

   It affects your strength (+4).
   It affects your accuracy and damage with ranged weapons and melee attacks
   (+5).
   It affects your resistance to hostile enchantments.
   It lets you see invisible.
   It makes you less stealthy.
 Y - an uncursed ring of protection from fire
   (You found it on level 3 of the Lair of Beasts)
Wands
 e - a wand of disintegration (32)
   (You found it on level 8 of the Dungeon)
 C - a wand of acid (5)
   (You found it in a Gauntlet)
 E - a wand of flame (50)
   (You took it off a big kobold on level 8 of the Dungeon)
 I - a wand of digging (9)
   (You found it on level 9 of the Dungeon)
 N - a wand of iceblast (6)
   (You found it on level 14 of the Dungeon)
 O - a wand of polymorph (7)
   (You found it on level 15 of the Dungeon)
 P - a wand of paralysis (7)
   (You found it on level 10 of the Dungeon)
 R - a wand of enslavement (7)
   (You found it on level 2 of the Lair of Beasts)
Scrolls
 g - a scroll of fear
 k - 9 scrolls of teleportation
 p - 6 scrolls of blinking
 q - 5 scrolls of fog
 r - 13 scrolls of remove curse
 x - 3 scrolls of immolation
 y - 5 scrolls of amnesia
 L - 4 scrolls of magic mapping
 Q - a scroll of torment
Potions
 b - a potion of ambrosia
 h - 3 potions of resistance
 j - 5 potions of curing
 l - 5 potions of brilliance
 n - 6 potions of invisibility
 o - 10 potions of mutation
 t - 8 potions of heal wounds
 B - 6 potions of flight
 D - 3 potions of magic
 F - a potion of cancellation
 H - 2 potions of agility
 M - a potion of berserk rage
 U - 4 potions of haste
Miscellaneous
 a - a lightning rod (4/4)
   (You found it on level 3 of the Lair of Beasts)
 i - a phantom mirror
 J - a box of beasts
 X - a phial of floods
   (You found it on level 6 of the Lair of Beasts)
Comestibles
 f - 51 rations


   Skills:
 + Level 14.0(19.0) Fighting
 - Level 14.0(19.0) Polearms
 - Level 2.8(7.8) Throwing
 + Level 14.4(19.4) Armour
 + Level 14.3(19.3) Dodging
 + Level 13.1(18.1) Shields
 - Level 8.0 Invocations
 - Level 5.0 Evocations


You had 17 spell levels left.
You didn't know any spells.
Your spell library contained the following spells:

 Spells                   Type           Power        Failure   Level  Hunger
 Corona                   Hex            #......      100%        1    ##.....
 Infusion                 Chrm           #...         100%        1    ##.....
 Magic Dart               Conj           #...         100%        1    ##.....
 Sandblast                Erth           #.....       100%        1    ##.....
 Summon Butterflies       Summ           #.......     100%        1    ##.....
 Blink                    Tloc           N/A          100%        2    ###....
 Call Imp                 Summ           #.......     100%        2    ###....
 Ensorcelled Hibernation  Hex/Ice        #.....       100%        2    ###....
 Passwall                 Tmut/Erth      #.......     100%        2    ###....
 Poisonous Vapours        Pois/Air       #.....       100%        2    ###....
 Searing Ray              Conj           #.....       100%        2    ###....
 Shroud of Golubria       Chrm/Tloc      #.........   100%        2    ###....
 Slow                     Hex            #.......     100%        2    ###....
 Song of Slaying          Chrm           #.......     100%        2    ###....
 Call Canine Familiar     Summ           #.......     100%        3    ####...
 Confuse                  Hex            #.......     100%        3    ####...
 Conjure Flame            Conj/Fire      #.......     100%        3    ####...
 Dazzling Spray           Conj/Hex       #.....       100%        3    ####...
 Ignite Poison            Fire/Tmut/Pois #.......     100%        3    ####...
 Mephitic Cloud           Conj/Pois/Air  #.......     100%        3    ####...
 Regeneration             Chrm/Necr      #.........   100%        3    ####...
 Spectral Weapon          Hex/Chrm       #.......     100%        3    ####...
 Stone Arrow              Conj/Erth      #.....       100%        3    ####...
 Tukima's Dance           Hex            #.......     100%        3    ####...
 Force Lance              Conj/Tloc      #.......     100%        4    #####..
 Fulminant Prism          Conj/Hex       #.........   100%        4    #####..
 Iskenderun's Mystic Bla  Conj           #.......     100%        4    #####..
 Leda's Liquefaction      Hex/Erth       #.........   100%        4    #####..
 Petrify                  Tmut/Erth      #.......     100%        4    #####..
 Summon Ice Beast         Ice/Summ       #.......     100%        4    #####..
 Bolt of Magma            Conj/Fire/Erth #.........   100%        5    ######.
 Fireball                 Conj/Fire      #.........   100%        5    ######.
 Iskenderun's Battlesphe  Conj/Chrm      #.......     100%        5    ######.
 Lee's Rapid Deconstruct  Erth           #.........   100%        5    ######.
 Summon Mana Viper        Hex/Summ       #.......     100%        5    ######.
 Venom Bolt               Conj/Pois      #.........   100%        5    ######.
 Bolt of Fire             Conj/Fire      #.........   100%        6    #######
 Freezing Cloud           Conj/Ice/Air   #.........   100%        6    #######
 Iron Shot                Conj/Erth      #.........   100%        6    #######
 Statue Form              Tmut/Erth      #........    100%        6    #######
 Orb of Destruction       Conj           #.........   100%        7    #######
 Ring of Flames           Chrm/Fire      #.........   100%        7    #######
 Spellforged Servitor     Conj/Summ      #.........   100%        7    #######
 Summon Hydra             Summ           #.........   100%        7    #######
 Ignition                 Fire           #.........   100%        8    #######
 Shatter                  Erth           #.........   100%        9    #######


Dungeon Overview and Level Annotations

Branches:
Dungeon (15/15)            Temple (0/1) D:6            Lair (6/6) D:9
  Swamp (1/4) Lair:3        Snake (0/4) Lair:2        Slime (0/5) Lair:6
    Orc (2/2) D:12            Elf (0/3) Orc:2        Vaults (0/5) D:13
 Depths (0/5) D:15

Altars:
Cheibriados
Elyvilon
Gozag
Hepliaklqana
Nemelex Xobeh
Okawaru
Qazlal
Ru
Sif Muna
Trog
Vehumet
Xom
Zin

Shops:
D:4 !   D:11 [   D:14 (   Orc:1 =   Orc:2 }*[%

Portals:
Pandemonium: Orc:2

Annotations:
D:2 Sigmund
D:3 1 runed door, Pikel
D:5 Grinder
Lair:4 exclusion: oklob plant
Swamp:1 Nikola


Innate Abilities, Weirdness & Mutations

You have a beak for a mouth.
You have claws for feet.
You can fly continuously.
You are somewhat resistant to further mutation.


Message History

The seven-headed hydra bites you but does no damage.
You puncture the seven-headed hydra!
You kill the seven-headed hydra!
Okawaru accepts your kill.
No target in view!
B - 6 potions of flight (gained 1) Nikola the Mad Inventor comes into view.
He is wielding a +1 rapier of Unknown command.
You don't know any spells.
Unknown command.
Evoke which item? (* to show all) (? for menu, Esc to quit)
Okay, then.
Unknown command.
Nikola casts a spell.
Nikola blinks!
You gain the combat prowess of a mighty hero.
You can now deal lightning-fast blows.
Attack whom?
Press: ? - help, Dir - move target cursor, f - Nikola
Aim: Nikola, wielding a +1 rapier of electrocution, wearing a +0 cloak and You reach to attack!
You spit Nikola like a pig!!!
Nikola is lightly wounded.
Nikola casts a spell.
You hear a mighty clap of thunder!
The lightning arc hits you!
The lightning arc hits Nikola.
The lightning arc hits you!
The lightning arc hits Nikola.
The lightning arc hits you!
The lightning arc hits Nikola.
Attack whom?
Press: ? - help, Dir - move target cursor, f/p - Nikola
Aim: Nikola, wielding a +1 rapier of electrocution, wearing a +0 cloak and You reach to attack!
You hit Nikola.
You feel better.
Nikola is moderately wounded.
Attack whom?
Press: ? - help, Dir - move target cursor, f/p - Nikola
Aim: Nikola, wielding a +1 rapier of electrocution, wearing a +0 cloak and You reach to attack!
You impale Nikola!!
Nikola is heavily wounded.
Attack whom?
Press: ? - help, Dir - move target cursor, f/p - Nikola
Aim: Nikola, wielding a +1 rapier of electrocution, wearing a +0 cloak and You reach to attack!
You impale Nikola!!
Nikola is heavily wounded.
Nikola mumbles some strange words.
You hear a mighty clap of thunder!
The lightning arc hits you!
* * * LOW HITPOINT WARNING * * *
The lightning arc hits Nikola.
The lightning arc hits you!
* * * LOW HITPOINT WARNING * * *
The lightning arc hits Nikola.
The lightning arc hits you!
You die...

♣♣♣♣ ♣♣ ♣§≈♣♣ ♣♣♣♣ ♣♣≈♣♣
.≈≈.♣♣♣♣..♣ ♣♣.≈≈♣
.≈≈.≈≈♣..≈♣ ♣§..≈♣♣
....≈....♣♣ ♣♣≈.≈.≈♣♣
≈.≈♣.≈...≈♣♣♣♣.....♣.♣♣♣♣
♣♣♣♣.≈≈..≈♣...≈.@.@....>♣♣
♣♣♣♣.≈≈....>..≈≈......≈≈.♣♣
≈≈....≈♣.........≈≈≈≈..≈≈..
^..≈♣♣♣≈.≈≈...≈♣♣≈≈≈≈≈..§≈.
≈.≈♣♣ ♣♣....≈.♣♣♣.≈≈≈≈...§≈
..♣♣ ♣♣≈....♣♣.[...≈≈≈..≈
..♣♣♣♣ ♣♣.≈.♣♣♣.......≈≈.§.
....≈♣♣♣≈....♣.........≈≈..
.≈≈.♣♣♣.≈≈..♣♣........≈≈≈..


You could see Nikola.

Vanquished Creatures
  Rupert (Lair:6)
  Gastronok (D:8)
  2 orc warlords
  A reaper (Gauntlet)
  An entropy weaver (Gauntlet)
  A minotaur (Gauntlet)
  Azrael (D:14)
  A dire elephant (Lair:6)
  Snorg (Lair:6)
  A yaktaur captain (D:15)
  Josephine (D:15)
  5 vault guards (D:13)
  13 hydras
  Erica (D:11)
  A catoblepas (Lair:6)
  8 two-headed ogres
  2 centaur warriors
  5 alligators (Swamp:1)
  4 death yaks (Lair:6)
  An ogre mage (D:15)
  A deep troll shaman (Lair:6)
  3 orc high priests (Orc:2)
  Urug (Lair:4)
  Sonja (Lair:2)
  A fire crab (Lair:6)
  A sixfirhy (Orc:2)
  2 unseen horrors (D:15)
  2 infernal demonspawn (Orc:2)
  2 lindwurms
  6 orc knights
  An oklob plant (Swamp:1)
  10 orc sorcerers
  3 manticores
  19 elephants
  2 cyclopes
  A deep elf mage (D:15)
  15 ugly things
  2 torpor snails
  An orange demon (Orc:2)
  5 black mambas
  23 spiny frogs
  7 rime drakes
  11 komodo dragons
  A yaktaur (D:15)
  An ice devil (Orc:2)
  A yaktaur (shapeshifter) (D:13)
  2 tengu conjurers
  6 trolls
  A jumping spider (Gauntlet)
  A harpy skeleton (D:15)
  8 hornets
  A tyrant leech (Swamp:1)
  16 slime creatures
  14 dream sheep
  7 hippogriffs
  14 blink frogs
  A meliai zombie (D:13)
  3 bog bodies (Swamp:1)
  10 spriggans
  4 wyverns
  9 wraiths
  A hog (shapeshifter) (D:13)
  4 water elementals (D:15)
  4 basilisks (Lair:4)
  Grum (Lair:1)
  6 humans (D:13)
  65 yaks
  5 fire elementals (D:14)
  10 vampire mosquitoes
  2 hungry ghosts
  3 insubstantial wisps (Swamp:1)
  A steam dragon (D:8)
  A harpy simulacrum (D:15)
  An acid dragon (D:15)
  6 swamp worms (Swamp:1)
  2 nagas (Lair:2)
  A two-headed ogre zombie (D:12)
  4 wargs
  20 water moccasins
  3 hell hounds (D:14)
  A swamp drake (Swamp:1)
  2 porcupines
  6 small abominations (Gauntlet)
  6 ice beasts
  A meliai simulacrum (D:13)
  39 orc warriors
  2 sky beasts
  4 slaves
  A black bear (Lair:6)
  3 phantoms
  12 ogres
  8 wolves
  5 boggarts (D:15)
  4 centaurs
  13 crocodiles
  2 big kobolds (D:8)
  16 bullfrogs
  A gnoll sergeant (D:5)
  A wyvern zombie (D:6)
  A water moccasin zombie (D:9)
  9 scorpions
  A wyvern skeleton (D:9)
  A troll zombie (D:12)
  6 killer bees (D:13)
  10 wights
  A howler monkey (D:8)
  3 electric eels
  3 centaur zombies
  8 crimson imps
  5 hounds
  4 centaur skeletons
  4 jellies
  A bullfrog skeleton (D:4)
  6 iguanas
  31 orc priests
  27 orc wizards
  11 worker ants
  6 ogre zombies (D:12)
  A hound zombie (D:7)
  2 hound skeletons (D:4)
  A howler monkey zombie (D:7)
  9 gnolls
  12 adders
  8 shadow imps
  An adder zombie (D:8)
  2 oozes (D:2)
  3 adder skeletons
  4 worms (D:2)
  3 leopard geckos
  86 orcs
  7 giant cockroaches
  6 goblins
  9 hobgoblins
  22 jackals
  3 quokkas
  20 bats
  5 frilled lizards
  A goblin skeleton (D:12)
  2 goblin zombies (D:12)
  17 kobolds
  A leopard gecko skeleton (D:6)
  2 orc skeletons (D:12)
  20 orc zombies (D:12)
  A quokka zombie (D:8)
  9 rats
  A plant (Lair:2)
935 creatures vanquished.

Vanquished Creatures (others)
  A vault guard (D:13)
  19 fungi
  52 plants
72 creatures vanquished.

Grand Total: 1007 creatures vanquished

Notes
Turn   | Place    | Note
-------+----------+-------------------------------------------
     0 | D:1      | Flugkiller the Tengu Gladiator began the quest for the Orb.
     0 | D:1      | Reached XP level 1. HP: 12/12 MP: 2/2
   151 | D:1      | Reached XP level 2. HP: 17/17 MP: 3/3
   501 | D:1      | Reached XP level 3. HP: 19/21 MP: 4/4
   915 | D:2      | Noticed Sigmund
  1080 | D:2      | Reached skill level 5 in Polearms
  1123 | D:2      | Reached XP level 4. HP: 26/26 MP: 5/5
  2130 | D:3      | Gained mutation: You can fly. [Tengu growth]
  2130 | D:3      | Reached XP level 5. HP: 27/30 MP: 6/6
  2212 | D:3      | Gained mutation: You are somewhat resistant to further
                  | mutation. [potion of mutation]
  2684 | D:3      | Found a runed door.
  3226 | D:4      | Noticed a slave
  3226 | D:4      | Noticed a slave
  3226 | D:4      | Noticed a slave
  3228 | D:4      | Noticed Pikel
  3435 | D:4      | Reached skill level 1 in Shields
  3589 | D:4      | Found Olyiclid's Distillery.
  3608 | D:4      | Reached XP level 6. HP: 34/36 MP: 7/7
  3702 | D:3      | Found a snail-covered altar of Cheibriados.
  3703 | D:3      | Found a radiant altar of Vehumet.
  3704 | D:3      | Found a glowing silver altar of Zin.
  3926 | D:4      | Noticed a phantom
  3967 | D:4      | Killed a phantom
  3967 | D:4      | Reached XP level 7. HP: 41/41 MP: 8/8
  4540 | D:4      | Bought a potion of heal wounds for 60 gold pieces
  4540 | D:4      | Bought a potion of curing for 36 gold pieces
  4681 | D:4      | Reached skill level 5 in Dodging
  5124 | D:5      | Entered Level 5 of the Dungeon
  5125 | D:5      | Noticed Grinder
  5622 | D:5      | Reached XP level 8. HP: 35/48 MP: 9/9
  6029 | D:5      | Reached skill level 5 in Fighting
  6308 | D:5      | Paralysed by Grinder for 6 turns
  6560 | D:5      | Reached skill level 1 in Armour
  6854 | D:5      | Found an iron altar of Okawaru.
  6867 | D:5      | Became a worshipper of Warmaster Okawaru
  7310 | D:6      | Found a staircase to the Ecumenical Temple.
  7401 | D:6      | Reached skill level 1 in Invocations
  7407 | D:6      | Reached XP level 9. HP: 42/56 MP: 7/10
  8054 | D:7      | Reached * piety under Okawaru
  9316 | D:8      | Found a bloodstained altar of Trog.
  9318 | D:8      | Found a shimmering altar of Xom.
  9319 | D:8      | Found a white marble altar of Elyvilon.
  9319 | D:8      | Found a stormy altar of Qazlal.
  9319 | D:8      | Noticed Gastronok
  9569 | D:8      | Got a bloodstained robe
  9696 | D:8      | Reached ** piety under Okawaru
  9894 | D:8      | Reached skill level 5 in Armour
  9945 | D:8      | Found a deep blue altar of Sif Muna.
  9947 | D:8      | Found an opulent altar of Gozag.
  9955 | D:8      | Reached XP level 10. HP: 64/64 MP: 13/13
 10017 | D:8      | Killed Gastronok
 10017 | D:8      | Reached *** piety under Okawaru
 10017 | D:8      | Reached **** piety under Okawaru
 10752 | D:9      | Noticed a two-headed ogre
 10758 | D:9      | Killed a two-headed ogre
 10758 | D:9      | Received a gift from Okawaru
 10758 | D:9      | Reached skill level 10 in Polearms
 10807 | D:9      | Noticed a centaur warrior
 10820 | D:9      | Killed a centaur warrior
 10820 | D:9      | Reached XP level 11. HP: 55/69 MP: 11/14
 11056 | D:9      | Found a sparkling altar of Nemelex Xobeh.
 11146 | D:9      | Noticed a two-headed ogre
 11153 | D:9      | Killed a two-headed ogre
 11153 | D:9      | Reached ***** piety under Okawaru
 11169 | D:9      | Received a gift from Okawaru
 11509 | D:9      | Found a sacrificial altar of Ru.
 11528 | D:9      | Received a gift from Okawaru
 11540 | D:9      | Noticed a two-headed ogre
 11647 | D:9      | Killed a two-headed ogre
 11673 | D:9      | Found a staircase to the Lair.
 11817 | D:10     | Entered Level 10 of the Dungeon
 12602 | D:11     | Noticed Erica
 12602 | D:11     | Noticed a two-headed ogre
 12607 | D:11     | Killed a two-headed ogre
 12607 | D:11     | Reached skill level 1 in Evocations
 12620 | D:11     | Killed Erica
 12710 | D:11     | Reached XP level 12. HP: 63/75 MP: 15/15
 12727 | D:11     | Noticed a five-headed hydra
 12748 | D:11     | Killed a five-headed hydra
 12748 | D:11     | Reached skill level 5 in Shields
 12801 | D:11     | Noticed a two-headed ogre
 12814 | D:11     | Killed a two-headed ogre
 13342 | D:11     | Reached ****** piety under Okawaru
 13688 | D:11     | Found Witwal's Antique Armour Emporium.
 13732 | D:11     | Bought a shimmering chain mail for 237 gold pieces
 13742 | D:11     | Identified the cursed +1 chain mail "Keotwiyci" {+Blink rC-
                  | Dex+3} (You bought it in a shop on level 11 of the Dungeon)
 14072 | Lair:1   | Entered Level 1 of the Lair of Beasts
 14072 | Lair:1   | Noticed Grum
 14096 | Lair:1   | Killed Grum
 14390 | Lair:1   | Received a gift from Okawaru
 14396 | Lair:1   | Got a twisted hand axe {god gift}
 15881 | Lair:2   | Found a staircase to the Snake Pit.
 15891 | Lair:2   | Reached XP level 13. HP: 78/80 MP: 17/17
 15917 | Lair:2   | Noticed Sonja
 15927 | Lair:2   | Killed Sonja
 15927 | Lair:2   | Reached skill level 5 in Evocations
 16010 | Lair:2   | Found a shimmering altar of Xom.
 16646 | Lair:3   | Received a gift from Okawaru
 16649 | Lair:3   | Got a crystal demon trident {god gift}
 16650 | Lair:3   | Identified the +7 demon trident of Somewhere Else {protect,
                  | *Noise rN+ Str+4} (Okawaru gifted it to you on level 3 of
                  | the Lair of Beasts)
 16821 | Lair:3   | Found a staircase to the Swamp.
 16880 | Lair:3   | Reached skill level 10 in Fighting
 16923 | Lair:3   | Reached skill level 10 in Armour
 16937 | Lair:3   | Reached skill level 10 in Dodging
 17780 | Lair:4   | Received a gift from Okawaru
 17866 | Lair:4   | Noticed Urug
 17889 | Lair:4   | Killed Urug
 17973 | Lair:4   | Found a gate leading to a gauntlet.
 17999 | Lair:4   | Reached skill level 5 in Invocations
 17999 | Lair:4   | Gained mutation: You can fly continuously. [Tengu growth]
 17999 | Lair:4   | Reached XP level 14. HP: 43/88 MP: 10/18
 18106 | Gauntlet | Entered a Gauntlet
 18106 | Gauntlet | Found a transporter.
 18106 | Gauntlet | Found a transporter.
 18246 | Gauntlet | Found a transporter.
 18250 | Gauntlet | Found a transporter.
 18259 | Gauntlet | Noticed a reaper
 18260 | Gauntlet | Found a transporter.
 18264 | Gauntlet | Found a transporter.
 18274 | Gauntlet | Noticed an entropy weaver
 18275 | Gauntlet | Found a transporter.
 18296 | Gauntlet | Found a transporter.
 18296 | Gauntlet | Noticed a balrug
 18302 | Gauntlet | Found a transporter.
 18306 | Gauntlet | Found a transporter.
 18316 | Gauntlet | Found a transporter.
 18320 | Gauntlet | Found a transporter.
 18559 | Gauntlet | Killed a reaper
 18585 | Gauntlet | Got a glittering pewter ring
 18609 | Gauntlet | Killed an entropy weaver
 18737 | Lair:4   | Received a gift from Okawaru
 18752 | Lair:4   | Got a scorched hat {god gift}
 18763 | Lair:4   | Identified the -3 hat "Jaelioraon" {rElec} (Okawaru gifted
                  | it to you on level 4 of the Lair of Beasts)
 18929 | Lair:4   | Identified the ring of Eternity {MR+ Str+4 Slay+5 SInv
                  | Stlth-} (You found it in a Gauntlet)
 20240 | Lair:6   | Entered Level 6 of the Lair of Beasts
 20452 | Lair:6   | Noticed Snorg
 20464 | Lair:6   | Killed Snorg
 20935 | Lair:6   | Received a gift from Okawaru
 21007 | Lair:6   | Reached XP level 15. HP: 86/96 MP: 22/22
 21223 | Lair:6   | Found a staircase to the Slime Pits.
 21306 | Lair:6   | Received a gift from Okawaru
 21521 | Lair:6   | Noticed Rupert
 21554 | Lair:6   | Killed Rupert
 21569 | Lair:6   | Received a gift from Okawaru
 21595 | Lair:6   | Got an ichor-stained leather armour
 21596 | Lair:6   | Identified the +1 leather armour of Zecuig {rElec rN+} (You
                  | found it on level 6 of the Lair of Beasts)
 21624 | Lair:6   | Reached XP level 16. HP: 101/101 MP: 23/23
 21858 | D:12     | Found a staircase to the Orcish Mines.
 22374 | D:13     | Reached skill level 10 in Shields
 22809 | D:13     | Found the +5 demon whip "Spellbinder" {antimagic, MR+}
 22888 | D:13     | Found Ihethac's Magic Scroll Boutique.
 23171 | D:13     | Found a gate to the Vaults.
 23365 | D:14     | Identified a scroll of acquirement
 23661 | D:14     | Noticed Azrael
 23704 | D:14     | Killed Azrael
 23705 | D:14     | Received a gift from Okawaru
 23811 | D:14     | Found Bauchowa's Antique Weapon Shop.
 23958 | D:15     | Entered Level 15 of the Dungeon
 24000 | D:15     | Found a shimmering altar of Xom.
 24156 | D:15     | Reached XP level 17. HP: 108/108 MP: 24/24
 24555 | D:15     | Reached XP level 18. HP: 102/114 MP: 25/25
 24627 | D:15     | Noticed Josephine
 24666 | D:15     | Killed Josephine
 24666 | D:15     | Received a gift from Okawaru
 25013 | D:15     | Found a staircase to the Depths.
 25126 | D:15     | Found a hazy altar of Hepliaklqana.
 25240 | Orc:1    | Entered Level 1 of the Orcish Mines
 25387 | Orc:1    | Found Lexkaeleats's Jewellery Shoppe.
 25532 | Orc:1    | Found a deep blue altar of Sif Muna.
 25552 | Orc:1    | Identified Sif Muna's Volume of the Escort
 25615 | Orc:2    | Entered Level 2 of the Orcish Mines
 25689 | Orc:2    | Found Fuhin's General Store.
 25713 | Orc:2    | Found Dealucep's Food Shop.
 26213 | Orc:2    | Found Woupeipn's Gadget Shoppe.
 26213 | Orc:2    | Found Gauneru's Antique Armour Emporium.
 26213 | Orc:2    | Found a one-way gate leading to the halls of Pandemonium.
 26439 | Orc:2    | Received a gift from Okawaru
 26442 | Orc:2    | Found a staircase to the Elven Halls.
 27330 | Swamp:1  | Entered Level 1 of the Swamp
 27663 | Swamp:1  | Received a gift from Okawaru
 27680 | Swamp:1  | Got a distressingly furry ring mail {god gift}
 27697 | Swamp:1  | Identified the +4 ring mail of the King of the Hill {rF-
                  | Str+2 Dex+6 SInv} (Okawaru gifted it to you on level 1 of
                  | the Swamp)
 28026 | Swamp:1  | Noticed Nikola
 28033 | Swamp:1  | Killed from afar by Nikola

Vault maps used:
D:1:      scummos_arrival_simple_fountains
D:2:      minmay_hexomino_p4, uniq_sigmund
D:3:      chequers_temple_overflow_statue_of_worship, first_ration,
          grunt_decor_one_mirror, uniq_crazy_yiuf_cottage
D:4:      serial_shops, nicolae_shop_window_shopping, uniq_pikel
D:5:      lemuel_round_altar, uniq_grinder
D:6:      minmay_temple_entry_poolview
D:8:      old_forge, grunt_temple_overflow_open, blue_anna_alchemist,
          uniq_gastronok
D:9:      kb_forest_paths, nicolae_ru_awakened_eye,
          nemelex_xobeh_ov_fountains_minmay, minmay_microvault
D:11:     serial_shops, nicolae_shop_waterfront, st_stairs_13, uniq_erica
D:12:     zombieorc2_lemuel
D:13:     ximxim_vaults_locker_room, serial_shops, shop
D:14:     serial_shops, shop, uniq_azrael
D:15:     grunt_enter_depths_snipers, chequers_serial_rivers_small_b,
          hangedman_feature_mirror, serial_bayou_lake_a, uniq_josephine
Lair:1:   grunt_megastairs_5, uniq_grum
Lair:2:   wad_woods_stonehenge, guppyfry_snake_entry_garden, uniq_sonja
Lair:3:   cheibrodos_lair_overgrown_chateau, swamp_mist_pool,
          grunt_megastairs_4, infiniplex_staircase_pool_2
Lair:4:   gauntlet_entry_generic, minivault_11, kennysheep_basilisk_garden,
          lemuel_fruit_tree, infiniplex_staircase_pool,
          minmay_lair_oklob_chamber, uniq_urug
Lair:5:   st_stairs_11, serial_bayou_shore_a, grunt_megastairs_1
Lair:6:   grunt_lair_end_beastmaster, dpeg_slime_entry_corner,
          serial_bayou_lagoon_a, nicolae_quartered_pool_super, uniq_rupert,
          uniq_snorg
Swamp:1:  nicolae_swamp_round_clearing, swamp_pool3,
          nicolae_swamp_oklob_treasure_island, uniq_nikola
Orc:1:    serial_shops, nicolae_shop_window_shopping, led_sif_book
Orc:2:    pf_orc_diabolical
Gauntlet: gammafunk_gauntlet_hard_choice

Skill      XL: |  1  2  3  4  5  6  7  8  9 10 11 12 13 14 15 16 17 18 |
---------------+-------------------------------------------------------+-----
Polearms       | 4 5 6 8 11 13 14 | 14.0
Shields        | 1 2 3 4 6 7 9 10 12 13 | 13.1
Dodging        | 4 5 7 9 10 11 12 13 14 | 14.3
Fighting       | 3 4 6 7 8 10 11 12 13 14 | 14.0
Armour         | 2 5 7 9 10 11 12 13 14 | 14.4
Invocations    | 1 3 5 8 |  8.0
Evocations     | 1 4 5 |  5.0
Throwing       | |  2.8

Action                   |  1- 3 |  4- 6 |  7- 9 | 10-12 | 13-15 | 16-18 || total
-------------------------+-------+-------+-------+-------+-------+-------++-------
Melee: Trident           |    83 |   148 |   444 |   685 |    90 |       ||  1450
       Kick              |    19 |    38 |   112 |   232 |   280 |   405 ||  1086
       Peck              |     6 |    14 |    77 |   137 |   158 |   210 ||   602
       Demon trident     |       |       |       |       |   608 |  1095 ||  1703
Throw: Javelin           |       |       |     6 |    11 |    13 |       ||    30
       Throwing net      |       |       |     1 |       |       |       ||     1
Invok: Heroism           |       |       |     1 |    11 |     8 |     3 ||    23
       Finesse           |       |       |       |     3 |     5 |     2 ||    10
 Abil: Fly               |       |       |    12 |     4 |     1 |       ||    17
Evoke: Wand              |       |       |     1 |     1 |     3 |       ||     5
       Lightning rod     |       |       |       |       |       |     2 ||     2
  Use: Scroll            |     1 |     6 |     6 |     9 |    10 |     9 ||    41
       Potion            |       |     2 |       |     2 |     1 |     1 ||     6
 Stab: Sleeping          |       |     1 |       |     1 |       |       ||     2
       Distracted        |       |       |     1 |       |       |     1 ||     2
       Paralysed         |       |       |       |       |     4 |       ||     4
       Petrified         |       |       |       |       |     5 |       ||     5
  Eat: Chunk             |     1 |    18 |    22 |    20 |    17 |    25 ||   103
Armor: Leather armour    |    17 |    10 |       |       |       |       ||    27
       Scale mail        |       |    10 |    16 |       |       |       ||    26
       Ring mail         |       |       |    52 |    73 |    80 |     3 ||   208
       Crystal plate arm |       |       |       |       |       |   127 ||   127
Dodge: Dodged            |    41 |    64 |   181 |   206 |   216 |   199 ||   907
Block: Buckler           |       |     7 |    71 |    77 |    60 |       ||   215
       Shield            |       |       |       |       |    41 |    40 ||    81
       Large shield      |       |       |       |       |       |   475 ||   475

Table legend:
 A = Non-vault XP
 B = Vault XP
 C = Vault XP percentage of total XP
 D = Non-vault monster count
 E = Vault monster count
 F = Vault count percentage of total count
                 A         B        C        D         E       F
            +---------+---------+-------+---------+---------+-------
      Total |  125948 |   67300 |  34.8 |     694 |     236 |  25.4
            +---------+---------+-------+---------+---------+-------
        D:1 |      36 |       0 |   0.0 |      23 |       0 |   0.0
        D:2 |     102 |      18 |  15.0 |      32 |       4 |  11.1
        D:3 |      48 |       0 |   0.0 |      19 |       0 |   0.0
        D:4 |     980 |       0 |   0.0 |      27 |       0 |   0.0
        D:5 |     876 |       0 |   0.0 |      27 |       0 |   0.0
        D:6 |     328 |       0 |   0.0 |      11 |       0 |   0.0
        D:7 |    1386 |       0 |   0.0 |      32 |       0 |   0.0
        D:8 |    1235 |    2581 |  67.6 |      25 |      17 |  40.5
        D:9 |    4219 |    3106 |  42.4 |      28 |      11 |  28.2
       D:10 |    1333 |       0 |   0.0 |      16 |       0 |   0.0
       D:11 |    6828 |     929 |  12.0 |      46 |       1 |   2.1
       D:12 |    4277 |    1255 |  22.7 |      22 |      36 |  62.1
       D:13 |    9663 |    6081 |  38.6 |      40 |      11 |  21.6
       D:14 |    1059 |    2695 |  71.8 |       8 |       9 |  52.9
       D:15 |   19891 |    5159 |  20.6 |      59 |      11 |  15.7
     Lair:1 |    5484 |    1232 |  18.3 |      26 |       8 |  23.5
     Lair:2 |    3574 |    2982 |  45.5 |      11 |      10 |  47.6
     Lair:3 |    8279 |    5437 |  39.6 |      27 |      18 |  40.0
     Lair:4 |   11055 |    1790 |  13.9 |      36 |       6 |  14.3
     Lair:5 |    3799 |     361 |   8.7 |      17 |       1 |   5.6
     Lair:6 |   16640 |   13092 |  44.0 |      49 |      17 |  25.8
    Swamp:1 |   16971 |     565 |   3.2 |      43 |       1 |   2.3
      Orc:1 |    4290 |      79 |   1.8 |      32 |       2 |   5.9
      Orc:2 |    3595 |   14740 |  80.4 |      38 |      62 |  62.0
   Gauntlet |       0 |    5198 | 100.0 |       0 |      11 | 100.0
            +---------+---------+-------+---------+---------+-------
